 Dungeon Crawl Stone Soup version 0.23.2-33-g5129a83184 (webtiles) character file.

Game seed: 17968860695514333911

462 FishyPogo the Digger (level 6, -8/51 HPs)
             Began as a Deep Dwarf Earth Elementalist on July 28, 2019.
             Was an Initiate of Elyvilon.
             Mangled by Duvessa
             ... wielding a +0 rapier
              (12 damage)
             ... on level 4 of the Dungeon.
             The game lasted 00:25:27 (3293 turns).

FishyPogo the Digger (DDEE)                         Turns: 3293, Time: 00:25:27

Health: -8/51      AC:  2    Str: 11    XL:     6   Next: 79%
Magic:  1/9        EV: 14    Int: 18    God:    Elyvilon [......]
Gold:   147        SH:  0    Dex: 18    Spells: 5/12 levels left

rFire    . . .     SeeInvis .   b - +4 dagger (venom)
rCold    . . .     Gourm    .   (no shield)
rNeg     . . .     Faith    .   c - +0 robe
rPois    +         Spirit   .   (no helmet)
rElec    .         Reflect  .   (no cloak)
rCorr    .         Harm     .   (no gloves)
MR       .....                  (no boots)
Stlth    +++.......             (no amulet)
HPRegen  0.00/turn              o - ring of poison resistance
MPRegen  0.11/turn              r - +5 ring of dexterity

@: very slightly contaminated, non-regenerating
A: damage resistance, heal wounds, sense surroundings 1, no regeneration
a: Heal Wounds, Renounce Religion


You were on level 4 of the Dungeon.
You worshipped Elyvilon.
Elyvilon was noncommittal.
You were hungry.

You visited 1 branch of the dungeon, and saw 4 of its levels.

You collected 147 gold pieces.

Inventory:

Hand Weapons
 a - a +3 dagger of holy wrath
 b - a +4 dagger of venom (weapon)
Missiles
 p - 54 stones (quivered)
Armour
 c - a +0 robe (worn)
Jewellery
 o - a ring of poison resistance (left hand)
 r - a +5 ring of dexterity (right hand)
Scrolls
 e - a scroll of magic mapping {unknown}
 g - a scroll of fear {unknown}
 i - a scroll of remove curse {unknown}
 j - a scroll of immolation {unknown}
 l - a scroll of enchant armour {unknown}
 m - 2 scrolls of identify {unknown}
 q - a scroll of random uselessness {unknown}
 s - a scroll of fog {unknown}
 t - a scroll of amnesia {unknown}
Potions
 f - a potion of curing {unknown}
 h - a potion of degeneration {unknown}
 k - a potion of brilliance {unknown}
 n - a potion of agility {unknown}
 u - a potion of heal wounds {unknown}
 v - a potion of lignification
 w - a potion of resistance {unknown}
Comestibles
 d - 8 rations


   Skills:
 * Level 1.6 Fighting
 * Level 1.3 Short Blades
 * Level 1.6 Armour
 * Level 3.1 Dodging
 * Level 3.7 Stealth
 + Level 3.7 Spellcasting
 * Level 1.0 Conjurations
 * Level 1.0 Hexes
   Level 0.8 Transmutations
 + Level 5.4 Earth Magic


You had 5 spell levels left.
You knew the following spells:

 Your Spells              Type           Power        Failure   Level  Hunger
a - Sandblast             Erth           ###...       1%          1    None
b - Stone Arrow           Conj/Erth      ###...       12%         3    ###....
c - Confuse               Hex            #.......     28%         3    ###....

Your spell library contained the following spells:

 Spells                   Type           Power        Failure   Level  Hunger
 Passwall                 Tmut/Erth      ##......     6%          2    ##.....
 Confusing Touch          Hex            #.....       10%         1    None
 Petrify                  Tmut/Erth      ##......     38%         4    ####...
 Gell's Gravitas          Tloc           #.........   41%         3    ###....
 Lee's Rapid Deconstruct  Erth           ###.......   41%         5    ######.
 Yara's Violent Unravell  Hex/Tmut       #.........   96%         5    ######.
 Metabolic Englaciation   Hex/Ice        #.........   98%         5    ######.


Dungeon Overview and Level Annotations

Branches:
Dungeon (4/15)
 Temple: D:4-7

Altars:
Elyvilon
Okawaru

Annotations:
D:4 Duvessa


Innate Abilities, Weirdness & Mutations

You are resistant to damage.
You can heal yourself by infusing magical energy.
You passively map a small area around you.
You do not regenerate.


Message History

You feel much better. Duvessa hits you with a +0 rapier!
You closely miss Duvessa. Duvessa misses you.
Duvessa hits you with a +0 rapier.
You hit Duvessa.
Duvessa is poisoned.
Duvessa is lightly wounded.
Duvessa misses you.
You completely miss Duvessa.
Duvessa is lightly wounded.
Duvessa closely misses you.
Your magical essence is drained by the effort!
You feel much better. Duvessa hits you with a +0 rapier!!
You closely miss Duvessa.
Duvessa is lightly wounded.
Duvessa hits you with a +0 rapier! The iguana misses you.
Duvessa hits you with a +0 rapier.
* * * LOW HITPOINT WARNING * * *
You fail to use your ability.
Duvessa hits you with a +0 rapier!
* * * LOW HITPOINT WARNING * * *
Duvessa hits you with a +0 rapier!
You die...

#....##.......#
#.....#.......#
#.............#
*#.........##.##
#........####.#
##.[<[..## ##.##
##....## #.#.#
##...## ###.##
##...## #@.#
#....# ##e#
##...##
#####)###### *
##...## *
#...$l.....#*
#....#
#...!..........#
* .....##
##..............
* ......##
#..............
.......#
#$.............
..>....##
##..<..........
**


You could see Duvessa (berserk) and an iguana.

Vanquished Creatures
  An ogre (D:4)
  Dowan (D:4)
  A hound (D:4)
  An orc wizard (D:2)
  An orc priest (D:3)
  A gnoll shaman (D:4)
  A worker ant (D:4)
  4 gnolls (D:3)
  6 adders
  2 oozes
  An adder skeleton (D:2)
  A worm (D:2)
  A dart slug (D:1)
  3 leopard geckos
  8 orcs
  5 bats
  4 giant cockroaches
  8 goblins
  5 hobgoblins
  6 jackals
  3 ball pythons
  2 frilled lizards
  6 kobolds
  7 rats
79 creatures vanquished.

Notes
Turn   | Place    | Note
-------+----------+-------------------------------------------
     0 | D:1      | FishyPogo the Deep Dwarf Earth Elementalist began the quest
                  | for the Orb.
     0 | D:1      | Reached XP level 1. HP: 15/15 MP: 3/3
    83 | D:1      | Reached XP level 2. HP: 22/22 MP: 0/5
   495 | D:1      | Reached XP level 3. HP: 25/28 MP: 3/6
   545 | D:1      | Learned a level 3 spell: Stone Arrow
  1106 | D:2      | Found an iron altar of Okawaru.
  1232 | D:2      | Reached XP level 4. HP: 18/37 MP: 3/8
  1254 | D:2      | Learned a level 3 spell: Confuse
  2102 | D:2      | Reached skill level 1 in Fighting
  2194 | D:3      | Reached XP level 5. HP: 30/44 MP: 1/9
  2236 | D:3      | Reached skill level 1 in Armour
  2380 | D:3      | Found a white marble altar of Elyvilon.
  2396 | D:3      | Became a worshipper of Elyvilon the Healer
  2599 | D:3      | Reached skill level 5 in Earth Magic
  2834 | D:3      | Reached skill level 1 in Short Blades
  2943 | D:4      | Reached XP level 6. HP: 10/51 MP: 1/10
  3135 | D:4      | Reached skill level 1 in Conjurations
  3135 | D:4      | Reached skill level 1 in Hexes
  3138 | D:4      | Noticed Dowan
  3239 | D:4      | Killed Dowan
  3280 | D:4      | Noticed Duvessa
  3293 | D:4      | Mangled by Duvessa

Skill      XL: |  1  2  3  4  5  6 |
---------------+-------------------+-----
Spellcasting   | 2 3 |  3.7
Stealth        | 3 |  3.7
Fighting       | 1 |  1.6
Armour         | 1 |  1.6
Earth Magic    | 5 |  5.4
Short Blades   | 1 |  1.3
Dodging        | 3 |  3.1
Conjurations   | 1 |  1.0
Hexes          | 1 |  1.0
Transmutations | |  0.8

Action                   |  1- 3 |  4- 6 || total
-------------------------+-------+-------++-------
Melee: Unarmed           |     3 |       ||     3
       Dagger            |    46 |    46 ||    92
 Cast: Sandblast         |    41 |    52 ||    93
       Stone Arrow       |     2 |    11 ||    13
       Confuse           |       |     2 ||     2
 Abil: Heal Wounds       |       |     5 ||     5
  Use: Potion            |       |     1 ||     1
  Eat: Chunk             |     2 |     7 ||     9
Armor: Robe              |    10 |     5 ||    15
       Skin              |       |     2 ||     2
Dodge: Dodged            |    47 |    53 ||   100
